 Dungeon Crawl Stone Soup version 0.28.0-53-g5a82cb258f (webtiles) character file.

Game seed: 1114375384650161050

84 Metae the Skirmisher (level 4, -1/50 HPs)
             Began as an Ogre Berserker on July 8, 2022.
             Was a Believer of Trog.
             Splashed by a jelly's acid (6 damage)
             ... on level 3 of the Dungeon.
             The game lasted 00:09:37 (2647 turns).

Metae the Skirmisher (Ogre Berserker)               Turns: 2647, Time: 00:09:46

Health: -1/50      AC: -4    Str: 23    XL:     4   Next: 45%
Magic:  4/4        EV: 10    Int:  8    God:    Trog [**....]
Gold:   67         SH:  0    Dex:  8    Spells: 3/3 levels left

rFire   . . .      SeeInvis .   a - +0 spear
rCold   . . .      Faith    .   (no shield)
rNeg    . . .      Spirit   .   b - +0 animal skin
rPois   .          Reflect  .   (helmet restricted)
rElec   .          Harm     .   i - +0 cloak
rCorr   .          Rampage  .   (gloves unavailable)
Will    .....                   (boots unavailable)
Stlth   +.........              (no amulet)
HPRegen 0.16/turn               (no ring)
MPRegen 0.09/turn               (no ring)

@: corroded
A: large, unfitting armour, tough skin 1
a: Renounce Religion, Berserk, Trog's Hand


You were on level 3 of the Dungeon.
You worshipped Trog.
Trog was pleased with you.
You visited 1 branch of the dungeon, and saw 3 of its levels.

You collected 67 gold pieces.

Inventory:

Hand Weapons
 a - a +0 spear (weapon)
 p - a +1 vorpal mace
Armour
 b - a +0 animal skin (worn)
 i - a +0 cloak (worn)
Jewellery
 f - an amulet of magic regeneration
Scrolls
 d - 3 scrolls of teleportation {unknown}
 e - a scroll of silence {unknown}
 g - 2 scrolls of magic mapping {unknown}
 h - a scroll of amnesia {unknown}
 j - a scroll of fear {unknown}
 k - a scroll of enchant weapon {unknown}
 l - a scroll of blinking {unknown}
 m - a scroll of holy word {unknown}
 n - a scroll of identify {unknown}
Potions
 c - a potion of brilliance {unknown}
 o - a potion of resistance {unknown}


   Skills:
 + Level 5.4 Fighting
 + Level 4.1 Polearms
 - Level 2.9 Dodging


You had 3 spell levels left.
You didn't know any spells.
Your spell library was empty.

Dungeon Overview and Level Annotations

Branches:
Dungeon (3/15)

Altars:
Gozag


Innate Abilities, Weirdness & Mutations

You are too large for most types of armour.
You have tough skin. (AC +1)


Message History

2 endoplasms and a jelly come into view.
The endoplasm quivers.
Found a bat skeleton and a goblin skeleton. 2 jellies and 5 endoplasms come into view.
Found two hobgoblin skeletons, two rat skeletons and a chain mail.
The jelly quivers. x2; The endoplasm quivers. x3; The jelly quivers.
There is an open door here.
The endoplasm quivers.
The endoplasm hits the fungus.
The fungus begins to die.
The endoplasm hits the fungus.
The fungus begins to die.
The endoplasm hits the fungus.
There is an open door here.
Something hits the fungus.
You hit the endoplasm.
The endoplasm is lightly wounded.
The endoplasm freezes you.
You are frozen.
Something hits the fungus.
The fungus begins to die.
You hit the endoplasm.
You kill the endoplasm!
Trog accepts your kill.
A nearby fungus withers and dies.
Something hits the fungus.
You hit the jelly.
Your hands burn!
The jelly is moderately wounded.
The jelly hits you but does no damage.
Something hits the fungus.
You completely miss the jelly.
The jelly is moderately wounded.
The jelly hits you. The acid corrodes you!
You are splashed with acid!
Something hits the fungus.
You hit the jelly but do no damage.
Your hands burn!
The jelly is moderately wounded.
The jelly hits you. The acid corrodes you!
You are splashed with acid!
* * * LOW HITPOINT WARNING * * *
Something hits the fungus.
You hit the jelly but do no damage.
Your hands burn!
* * * LOW HITPOINT WARNING * * *
The jelly is moderately wounded.
A nearby fungus withers and dies.
The jelly hits you.
* * * LOW HITPOINT WARNING * * *
You are splashed with acid.
You die...

###################.#####
#..# ### #)##
#..##[.J.÷.##.####### #).#
#..##......#.#.#....####.#
#..##......#.#.#.....##..#
#..##P..PJP#.#'#......'..#
#..##÷÷..J.#)#........'..#
#..##.÷J.PJ#.#........'.##
#..##...J..#@#.......##.#
#..##÷....JJ##......#####
#.)##...÷.J##########
#####..######### ######
.......# #...<# ######.#
#.#### #.# #.# #.# #.# #.#
#.#


You could see 2 jellies and an endoplasm.

Vanquished Creatures
  3 adders
  2 worms (D:2)
  3 dart slugs
  5 endoplasms
  2 giant cockroaches (D:1)
  5 hobgoblins
  2 jackals (D:1)
  2 quokkas (D:2)
  4 ball pythons
  4 bats
  2 frilled lizards
  3 goblins
  8 kobolds (D:3)
  A rat (D:3)
46 creatures vanquished.

Vanquished Creatures (others)
  6 fungi
  4 plants (D:2)
  11 toadstools (D:3)
21 creatures vanquished.

Grand Total: 67 creatures vanquished

Notes
Turn   | Place    | Note
-------+----------+-------------------------------------------
     0 | D:1      | Metae the Ogre Berserker began the quest for the Orb.
     0 | D:1      | Reached XP level 1. HP: 24/24 MP: 1/1
   338 | D:1      | Reached XP level 2. HP: 29/32 MP: 2/2
  1028 | D:2      | Found a faded altar of an unknown god.
  1224 | D:2      | Reached XP level 3. HP: 40/40 MP: 3/3
  1834 | D:2      | Found an opulent altar of Gozag.
  1848 | D:2      | Reached skill level 5 in Fighting
  2197 | D:3      | Reached ** piety under Trog
  2343 | D:3      | Reached XP level 4. HP: 45/50 MP: 4/4
  2647 | D:3      | Splashed by a jelly's acid

Illustrated notes

Levels and vault maps discovered:
D:1:      ncdulo_watergridlock, layout_loops_ring, serial_rivers,
          chequers_serial_rivers_small_b, chequers_serial_rivers_room_b,
          chequers_serial_rivers_micro_a, chequers_serial_rivers_large_a
D:2:      layout_loops_ring, basic_altar, dreamdust_ecumenical_altar_grove
D:3:      cheibrodos_fertilizer, layout_basic

Skill      XL: |  1  2  3  4 |
---------------+-------------+-----
Fighting       | 5 |  5.4
Polearms       | 4 |  4.1
Dodging        | |  2.9

Action                   |  1- 3 |  4- 6 || total
-------------------------+-------+-------++-------
Melee: Spear             |   140 |    54 ||   194
       Punch             |     1 |       ||     1
Armor: Animal skin       |    34 |    16 ||    50
Dodge: Dodged            |    69 |    25 ||    94
